 Dungeon Crawl Stone Soup version 0.31.0-11-ge490571c62 (webtiles) character file.

Game seed: 557105890332482414

87 qw the Shooter (level 4, -3/22 HPs)
             Began as a Spriggan Hunter on Feb 3, 2024.
             Incinerated by a bombardier beetle (5 damage)
             ... with a burning spray
             ... on level 3 of the Dungeon.
             The game lasted 00:00:06 (1696 turns).

qw the Shooter (Spriggan Hunter)                    Turns: 1696, Time: 00:00:06

Health: -3/22      AC:  3    Str:  7    XL:     4   Next: 28%
Magic:  5/5        EV: 20    Int: 10    God:
Gold:   101        SH:  0    Dex: 20    Spells: 3/3 levels left

rFire   . . .        a - +0 shortbow
rCold   . . .        (shield currently unavailable)
rNeg    . . .        c - +0 robe
rPois   .            (helmet restricted)
rElec   .            f - +0 cloak
rCorr   .            (gloves unavailable)
SInv    +            (boots unavailable)
Will    .....        (no amulet)
Stlth   +            (no ring)
HPRegen 0.23/turn    (no ring)
MPRegen 0.09/turn

%: no passive effects
@: on fire, glowing, very quick
A: very small, no large weapons, unfitting armour, see invisible, speed 3
a: no special abilities


You were on level 3 of the Dungeon.
You visited 1 branch of the dungeon, and saw 3 of its levels.

You collected 101 gold pieces.


Innate Abilities, Weirdness & Mutations

You are very small and have problems with some larger weapons.
You are too small for most types of armour.
You have supernaturally acute eyesight. (SInv)
You cover ground extremely quickly. (Speed+++)


   Skills:
 - Level 1.5 Fighting
 - Level 5.0 Ranged Weapons
 + Level 4.7 Dodging
 - Level 1.5 Stealth


You had 3 spell levels left.
You didn't know any spells.
Your spell library was empty.

Inventory:

Hand Weapons
 a - a +0 shortbow (weapon)
Armour
 c - a +0 robe (worn)
 f - a +0 cloak (worn)
Jewellery
 d - the ring "Ugoy" {Ice rPois}
   (You found it on level 3 of the Dungeon)

   [ring of ice]

   Ice:       It enhances your ice magic.
   rF-:       It makes you vulnerable to fire.
   rC+:       It protects you from cold.
   rPois:     It protects you from poison
Scrolls
 b - a scroll of teleportation
 g - 2 scrolls of identify
Potions
 e - 2 potions of might

Dungeon Overview and Level Annotations

Branches:
Dungeon (3/15)

Altars:


Message History

You shoot an arrow. The arrow closely misses the hobgoblin.
You shoot an arrow. The arrow hits the hobgoblin.
You kill the hobgoblin!
Your Ranged Weapons skill increases to level 5!
You see here a hobgoblin corpse.
g - 2 scrolls of identify (gained 1)
A bombardier beetle comes into view.
You shoot an arrow. The arrow hits the bombardier beetle.
The bombardier beetle is moderately wounded.
You shoot an arrow.
The arrow barely misses the bombardier beetle.
You shoot an arrow.
The arrow barely misses the bombardier beetle.
You shoot an arrow. The arrow hits the bombardier beetle.
The bombardier beetle is heavily wounded.
You shoot an arrow.
The arrow hits the bombardier beetle but does no damage.
The bombardier beetle is heavily wounded.
The bombardier beetle sprays incendiary fluid at you.
The burning spray hits you.
You are covered in liquid fire!
You shoot an arrow.
The arrow closely misses the bombardier beetle.
The liquid fire burns you!
You shoot an arrow.
The arrow hits the bombardier beetle but does no damage.
The bombardier beetle is heavily wounded.
The liquid fire burns you!
The bombardier beetle sprays incendiary fluid at you.
The burning spray hits you.
You are even more covered in liquid fire!
You shoot an arrow. The arrow hits the bombardier beetle!
You kill the bombardier beetle!
The liquid fire burns you!
You have reached level 4!
You are on fire!
The liquid fire burns you!
You are on fire!
The liquid fire burns you!
You die...

#...........##............ ##
##.........................
##..###%.#........##..##...###..#
#...#....#.###.......####...# ..#
........#....###.....# ...#
........####..###.#..?. .....
.......%#####.....##...# ....
...........#####..##....
................@.......
........###..#######..#.
........# ##.# ........# #...
......### ####. #...#. .. #####.
.


There were no monsters in sight!

Vanquished Creatures
  A bombardier beetle (D:3)
  2 ribbon worms (D:2)
  2 ball pythons
  6 bats
  5 endoplasms
  3 giant cockroaches
  8 goblins
  7 hobgoblins
  3 kobolds
  A quokka (D:1)
  4 frilled lizards
  4 rats
46 creatures vanquished.

Notes
Turn   | Place    | Note
-------+----------+-------------------------------------------
     0 | D:1      | qw the Spriggan Hunter began the quest for the Orb.
     0 | D:1      | Reached XP level 1. HP: 10/10 MP: 2/2
     0 | D:1      | 0 ||| qw: Version: 0.3-a-157-g843a77d
     0 | D:1      | 0 ||| qw: Game counter: 3702
     0 | D:1      | 0 ||| qw: Melee chars always use a shield: true
     0 | D:1      | 0 ||| qw: God list: Okawaru
     0 | D:1      | 0 ||| qw: Allow faded altars: false
     0 | D:1      | 0 ||| qw: Do Orc after clearing Dungeon:15 true
     0 | D:1      | 0 ||| qw: Do second Lair branch before Depths: true
     0 | D:1      | 0 ||| qw: Lair rune preference: random
     0 | D:1      | 0 ||| qw: Goals: Normal
     0 | D:1      | 0 ||| PLANNING D:1-11
    28 | D:1      | Reached skill level 3 in Dodging
   217 | D:1      | Reached XP level 2. HP: 14/14 MP: 3/3
   315 | D:1      | You fall into a shaft and drop 1 floor!
   360 | D:2      | 360 ||| READING scroll labelled SYTOCO KOACYBB.
   361 | D:2      | 361 ||| READING scroll labelled ZOGYBB HAROFOM.
   362 | D:2      | 362 ||| DROPPING scroll of butterflies.
   441 | D:1      | Reached XP level 3. HP: 15/18 MP: 4/4
   792 | D:1      | 792 ||| UPGRADING to +0 cloak.
   797 | D:1      | 797 ||| READING 2 scrolls labelled ROAFOM LAB.
   802 | D:1      | 802 ||| READING scroll labelled DODIRI INEY.
   803 | D:1      | 803 ||| READING scroll labelled DEROAWK NUWAIG.
  1384 | D:2      | 1384 ||| READING scroll of identify.
  1384 | D:2      | 1384 ||| IDENTIFYING 2 silvery potions
  1385 | D:2      | 1385 ||| READING scroll labelled COANADEFUR.
  1486 | D:2      | 1486 ||| READING scroll labelled FOPIRURAYJ.
  1624 | D:3      | Identified the ring "Ugoy" {Ice rPois}
  1674 | D:3      | Reached skill level 5 in Ranged Weapons
  1695 | D:3      | Reached XP level 4. HP: 7/22 MP: 5/5
  1695 | D:3      | HP: 2/22 [burnt (5)]
  1696 | D:3      | Incinerated by a bombardier beetle

Levels and vault maps discovered:
D:1:      minmay_arrival_glassed_features, layout_basic, minmay_split_cup_large
D:2:      layout_basic
D:3:      layout_rooms, dancing_weapons_uskayaw,
          hellmonk_ecumenical_altar_blasted, uniq_jessica, uniq_ijyb

Skill      XL: |  1  2  3 |
---------------+----------+-----
Dodging        | 3 4 |  4.7
Ranged Weapons | 5 |  5.0
Fighting       | |  1.5
Stealth        | |  1.5

Action                     |  1- 3 |  4- 6 || total
---------------------------+-------+-------++-------
   Fire: Shortbow          |   157 |       ||   157
    Use: Scroll            |     8 |       ||     8
 Armour: Robe              |    15 |       ||    15
  Dodge: Dodged            |    46 |       ||    46

Table legend:
 A = Non-vault XP
 B = Vault XP
 C = Vault XP percentage of total XP
 D = Non-vault monster count
 E = Vault monster count
 F = Vault count percentage of total count
                 A         B        C        D         E       F
            +---------+---------+-------+---------+---------+-------
      Total |     118 |       7 |   5.6 |      42 |       4 |   8.7
            +---------+---------+-------+---------+---------+-------
        D:1 |      43 |       7 |  14.0 |      25 |       4 |  13.8
        D:2 |      27 |       0 |   0.0 |      12 |       0 |   0.0
        D:3 |      48 |       0 |   0.0 |       5 |       0 |   0.0
            +---------+---------+-------+---------+---------+-------
